 Dungeon Crawl Stone Soup version 0.20.1-1-g8b1a95d (webtiles) character file.

83 Asgaroth the Slasher (level 4, 0/36 HPs)
             Began as a Draconian Warper on Oct 11, 2017.
             Succumbed to an adder's poison
             ... on level 2 of the Dungeon.
             The game lasted 00:04:13 (1792 turns).

Asgaroth the Slasher (Draconian Warper)             Turns: 1792, Time: 00:04:14

Health: 0/36       AC:  5    Str: 14    XL:     4   Next: 22%
Magic:  8/8        EV: 12    Int: 13    God:
Gold:   145        SH:  0    Dex: 11    Spells: 6/8 levels left

rFire    . . .     SeeInvis .   a - +0 falchion
rCold    . . .     Gourm    .   (no shield)
rNeg     . . .     Faith    .   (armour unavailable)
rPois    .         Spirit   .   (helmet restricted)
rElec    .         Reflect  .   (no cloak)
rCorr    .         Harm     .   (no gloves)
MR       .....                  (no boots)
Stlth    +.........             (no amulet)
Regen    0.2/turn               (no ring)
MPRegen  0.2/turn               (no ring)

@: lethally poisoned (0 -> -17)
A: unfitting armour, cold-blooded, AC +5
a: no special abilities


You were on level 2 of the Dungeon.
You were not hungry.

You visited 1 branch of the dungeon, and saw 2 of its levels.

You collected 145 gold pieces.

Inventory:

Hand Weapons
 a - a +0 falchion (weapon)
Missiles
 d - 5 tomahawks of dispersal (quivered)
Scrolls
 c - a scroll of blinking
 h - 2 scrolls of amnesia {unknown}
 j - a scroll of enchant weapon {unknown}
 l - a scroll of identify {unknown}
 m - a scroll of fear {unknown}
 n - a scroll of fog {unknown}
 p - a scroll of remove curse {unknown}
Potions
 e - a potion of haste {unknown}
 i - a potion of degeneration {unknown}
 k - a potion of agility {unknown}
 o - a potion of magic {unknown}
Books
 b - a book of Spatial Translocations

   Spells                             Type                      Level
   a - Blink                          Translocation                2
   b - Shroud of Golubria             Charms/Translocation         2
   c - Lesser Beckoning               Translocation                3
   d - Gell's Gravitas                Translocation                3
   e - Teleport Other                 Translocation                3
   f - Passage of Golubria            Translocation                4
 q - a book of Minor Magic

   Spells                             Type                      Level
   a - Magic Dart                     Conjuration                  1
   b - Blink                          Translocation                2
   c - Call Imp                       Summoning                    2
   d - Slow                           Hexes                        2
   e - Conjure Flame                  Conjuration/Fire             3
   f - Mephitic Cloud                 Conjuration/Poison/Air       3
Comestibles
 f - 2 bread rations
 g - 3 chunks of flesh


   Skills:
 - Level 2.1 Fighting
 * Level 4.0 Long Blades
 - Level 0.8 Throwing
 - Level 2.1 Dodging
 + Level 2.6 Spellcasting
 - Level 3.0 Translocations


You had 6 spell levels left.
You knew the following spells:

 Your Spells              Type           Power        Failure   Level  Hunger
a - Blink                 Tloc           N/A          11%         2    ###....


Dungeon Overview and Level Annotations

Branches:
Dungeon (2/15)

Altars:
Cheibriados


Innate Abilities, Weirdness & Mutations

Your plain brown scales are hard. (AC +5)
You cannot fit into any form of body armour.
You are cold-blooded and may be slowed by cold attacks.


Message History

The kobold is moderately wounded.
The adder misses you. The kobold closely misses you.
You riposte.
You closely miss the kobold.
The kobold is moderately wounded.
You closely miss the adder. The adder bites you.
You are more poisoned.
The adder poisons you! The kobold closely misses you. The adder bites you.
You closely miss the adder.
You feel sick. The adder bites you. The kobold hits you with a short sword.
* * * LOW HITPOINT WARNING * * *
You completely miss the adder.
* * * LOW HITPOINT WARNING * * *
You feel sick. The adder bites you.
* * * LOW HITPOINT WARNING * * *
You are more poisoned.
The adder poisons you! The kobold barely misses you. The adder bites you.
* * * LOW HITPOINT WARNING * * *
You are more poisoned.
The adder poisons you!
You die...

##'##....##
#..%..((.(
#......##
#.##......
#####.##
#.###.###.####
#.# #.....(.<(#
#.# #####.#####
#.## # #..# ##.#
##.###@####
#.(.S(K...#
........<.......
###...##.##.###.
##.. ..# .# #.
### # #. #


You could see an adder and a kobold.

Vanquished Creatures
  A gnoll (D:1)
  3 adders (D:2)
  An ooze (D:2)
  2 dart slugs (D:1)
  7 bats
  A giant cockroach (D:2)
  4 goblins (D:1)
  8 hobgoblins
  A frilled lizard (D:1)
  5 kobolds
  6 rats (D:1)
39 creatures vanquished.

Notes
Turn   | Place    | Note
-------+----------+-------------------------------------------
     0 | D:1      | Asgaroth the Draconian Warper began the quest for the Orb.
     0 | D:1      | Reached XP level 1. HP: 17/17 MP: 3/3
   110 | D:1      | Reached XP level 2. HP: 22/24 MP: 5/5
   503 | D:1      | Reached skill level 3 in Long Blades
   703 | D:1      | Reached XP level 3. HP: 22/29 MP: 6/6
   860 | D:1      | You fall through a shaft!
  1093 | D:2      | Found a snail-covered altar of Cheibriados.
  1131 | D:2      | Learned a level 2 spell: Blink
  1483 | D:2      | Reached XP level 4. HP: 28/36 MP: 6/8
  1531 | D:2      | Reached skill level 4 in Long Blades
  1791 | D:2      | HP: 1/36 [adder (2)]
  1792 | D:2      | Succumbed to an adder's poison

Skill      XL: |  1  2  3  4 |
---------------+-------------+-----
Long Blades    | 3 4 |  4.0
Fighting       | |  2.1
Throwing       | |  0.8
Dodging        | |  2.1
Spellcasting   | |  2.6
Translocations | |  3.0

Action                   |  1- 3 |  4- 6 || total
-------------------------+-------+-------++-------
Melee: Falchion          |   111 |    31 ||   142
       Tailslap          |    10 |     1 ||    11
 Stab: Sleeping          |     1 |     1 ||     2
  Eat: Chunk             |     2 |     1 ||     3
Armor: Skin              |    40 |    11 ||    51
Dodge: Dodged            |    80 |    22 ||   102
       Rpst.: Falchion   |    28 |     4 ||    32
